 Dungeon Crawl Stone Soup version 0.28.0-43-g3370ac3207 (webtiles) character file.

Game seed: 2490932486646598892

307 styxcanada the Covert (level 6, -7/30 HPs)
             Began as a Spriggan Brigand on Mar 8, 2022.
             Hit by a boomerang thrown by an orc warrior (12 damage)
             ... on level 3 of the Dungeon.
             The game lasted 00:10:38 (3473 turns).

styxcanada the Covert (Spriggan Brigand)            Turns: 3473, Time: 00:10:38

Health: -7/30      AC:  3    Str:  7    XL:     6   Next: 16%
Magic:  19/19      EV: 16    Int: 13    God:
Gold:   100        SH:  5    Dex: 18    Spells: 7/9 levels left

rFire   + . .      SeeInvis +   a - +3 dagger
rCold   . . .      Faith    .   e - +0 buckler {rF+}
rNeg    . . .      Spirit   .   b - +0 robe
rPois   .          Reflect  .   (helmet restricted)
rElec   .          Harm     .   c - +0 cloak
rCorr   .          Rampage  .   (gloves unavailable)
Will    +....                   (boots unavailable)
Stlth   ++++......              (no amulet)
HPRegen 0.10/turn               g - ring of magical power
MPRegen 0.16/turn               (no ring)

@: very quick
A: very small, no large weapons, unfitting armour, see invisible, speed 3
a: no special abilities


You were on level 3 of the Dungeon.
You visited 1 branch of the dungeon, and saw 3 of its levels.

You collected 100 gold pieces.

Inventory:

Hand Weapons
 a - a +3 dagger (weapon)
Armour
 b - a +0 robe (worn)
 c - a +0 cloak (worn)
 e - a +0 buckler of fire resistance (worn)
Jewellery
 g - a ring of magical power (left hand)
 j - a +4 ring of protection
Scrolls
 i - a scroll of holy word {unknown}
 k - a scroll of identify
 l - a scroll of fear {unknown}
Potions
 f - 2 potions of resistance
 h - 2 potions of mutation


   Skills:
 * Level 2.2 Fighting
 + Level 2.7 Short Blades
 + Level 2.9 Throwing
 * Level 2.9 Dodging
 * Level 8.8 Stealth
 * Level 2.0 Spellcasting
 * Level 0.5 Hexes
 * Level 0.5 Ice Magic


You had 7 spell levels left.
You knew the following spells:

 Your Spells              Type           Power      Damage    Failure   Level
a - Ensorcelled Hibernat  Hex/Ice        4%         N/A       56%         2

Your spell library contained the following spells:

 Spells                   Type           Power      Damage    Failure   Level
 Passwall                 Tmut/Erth      0%         N/A       63%         2
 Swiftness                Air            1%         N/A       86%         3


Dungeon Overview and Level Annotations

Branches:
Dungeon (3/15)

Altars:


Innate Abilities, Weirdness & Mutations

You are very small and have problems with some larger weapons.
You are too small for most types of armour.
You have supernaturally acute eyesight. (SInv)
You cover ground extremely quickly. (Speed+++)


Message History

Press: ? - help, Q - select action Shift-Dir - straight line, f/p - orc warrior
Aim: an orc warrior, wielding a +0 hand axe, wearing a +0 chain mail and quivering boomerangs (lightly wounded, poisoned, 60% to hit)
You throw a poisoned dart. The poisoned dart hits the orc warrior.
The orc warrior is lightly wounded.
The orc warrior throws a boomerang.
The boomerang hits you.
Throw: dart (poison)
Press: ? - help, Q - select action Shift-Dir - straight line, f/p - orc warrior
Aim: an orc warrior, wielding a +0 hand axe, wearing a +0 chain mail and quivering boomerangs (lightly wounded, poisoned, 60% to hit)
You throw a poisoned dart. The poisoned dart hits the orc warrior!
The orc warrior looks even sicker.
The orc warrior is lightly wounded.
The orc warrior throws a boomerang.
The boomerang closely misses you.
You see here a hobgoblin corpse.
You see here a dart slug corpse.
You hit the orc warrior but do no damage.
The orc warrior is moderately wounded.
The orc warrior closely misses you.
You hit the orc warrior.
The orc warrior is heavily wounded.
You block the orc warrior's attack.
You hit the orc warrior but do no damage.
The orc warrior is severely wounded.
The orc warrior misses you.
You hit the orc warrior but do no damage.
The orc warrior is severely wounded.
The orc warrior hits you with a +0 hand axe!
Ouch! That really hurt!
You hit the orc warrior.
The orc warrior is severely wounded.
The orc warrior misses you.
You closely miss the orc warrior.
The orc warrior is almost dead.
The orc warrior hits you with a +0 hand axe.
* * * LOW HITPOINT WARNING * * *
You barely miss the orc warrior.
The orc warrior is almost dead.
The orc warrior closely misses you.
You see here a hobgoblin corpse.
The orc warrior throws a boomerang.
The boomerang hits you!
You die...

##.#...##########....###
# ##.....# #..#.##
#.##.....# #.####
#...)....# #.#
####.....# #.# #.....#
###.## ####### ###.###
#....# ####†.(..# #.#
#.#..####
#......#.######@#
#.#..##.##
...####(#(.(†o†..#
#.#......#
.###l...##########
#.##.##.## ##..w#..#
#.##.##.### #..go#.##
#....##.... ....##.#
########### ...# ..# ..#
.## #### ## .# ###...


You could see an orc warrior (poisoned).

Vanquished Creatures
  Sigmund (D:2)
  A bullfrog zombie (D:3)
  4 gnolls (D:2)
  5 adders (D:3)
  A worm (D:2)
  A dart slug (D:3)
  6 endoplasms
  5 goblins
  5 hobgoblins
  2 quokkas
  6 ball pythons
  3 bats
  6 frilled lizards
  A kobold (D:1)
  3 rats
50 creatures vanquished.

Notes
Turn   | Place    | Note
-------+----------+-------------------------------------------
     0 | D:1      | styxcanada the Spriggan Brigand began the quest for the
                  | Orb.
     0 | D:1      | Reached XP level 1. HP: 10/10 MP: 2/2
   441 | D:1      | Reached skill level 6 in Stealth
   897 | D:1      | Reached XP level 2. HP: 12/15 MP: 3/3
  1462 | D:2      | Reached XP level 3. HP: 15/18 MP: 4/4
  1526 | D:2      | Noticed Sigmund
  1547 | D:2      | Identified a scroll of acquirement
  1547 | D:2      | Acquired a +0 buckler of fire resistance
  1556 | D:2      | Reached skill level 7 in Stealth
  1560 | D:2      | Killed Sigmund
  1561 | D:2      | Reached skill level 8 in Stealth
  1561 | D:2      | Reached skill level 1 in Spellcasting
  1561 | D:2      | Reached XP level 4. HP: 7/23 MP: 7/7
  1561 | D:2      | Reached XP level 5. HP: 8/26 MP: 8/8
  1570 | D:2      | Learned a level 2 spell: Ensorcelled Hibernation
  3034 | D:3      | Found a faded altar of an unknown god.
  3154 | D:3      | Reached XP level 6. HP: 30/30 MP: 10/10
  3395 | D:3      | Noticed an orc warrior
  3473 | D:3      | Hit by a boomerang thrown by an orc warrior

Illustrated notes

Levels and vault maps discovered:
D:1:      wander_arrival_lonely_grave, layout_basic, minmay_quantized
D:2:      layout_loops_cross, uniq_sigmund
D:3:      minmay_evil_eye, layout_loops_corners, nicolae_ecumenical_lake_church

Skill      XL: |  1  2  3  4  5 |
---------------+----------------+-----
Stealth        | 6 8 |  8.8
Fighting       | 2 |  2.2
Dodging        | 2 |  2.9
Spellcasting   | 1 2 |  2.0
Short Blades   | |  2.7
Throwing       | |  2.9
Hexes          | |  0.5
Ice Magic      | |  0.5

Action                   |  1- 3 |  4- 6 || total
-------------------------+-------+-------++-------
Melee: Dagger            |    34 |    68 ||   102
Throw: Dart              |    22 |    38 ||    60
  Use: Scroll            |     2 |     5 ||     7
 Stab: Sleeping          |     4 |    10 ||    14
       Distracted        |       |     1 ||     1
Armor: Robe              |     6 |     3 ||     9
Dodge: Dodged            |    19 |    26 ||    45
Block: Buckler           |       |    17 ||    17
